 Dungeon Crawl Stone Soup version 0.21-a0-509-gecc5317 (webtiles) character file.

91 slep the Chopper (level 4, -5/37 HPs)
             Began as a Minotaur Gladiator on Nov 30, 2017.
             Slain by a gnoll
             ... wielding a +0 halberd
              (9 damage)
             ... on level 2 of the Dungeon.
             The game lasted 00:02:24 (769 turns).

slep the Chopper (Minotaur Gladiator)                Turns: 769, Time: 00:02:25

Health: -5/37      AC:  6    Str: 23    XL:     4   Next: 34%
Magic:  3/3        EV: 13    Int:  5    God:
Gold:   67         SH:  0    Dex: 13    Spells: 3/3 levels left

rFire    . . .     SeeInvis .   a - +0 war axe
rCold    . . .     Gourm    .   (no shield)
rNeg     . . .     Faith    .   m - +0 ring mail (curse)
rPois    .         Spirit   .   c - +0 hat
rElec    .         Reflect  .   (no cloak)
rCorr    .         Harm     .   p - +0 pair of gloves {Str+3}
MR       .....                  (no boots)
Stlth    +.........             (no amulet)
HPRegen  0.12/turn              o - +2 ring of strength
MPRegen  0.08/turn              (no ring)

@: no status effects
A: retaliatory headbutt, horns 2
a: no special abilities


You were on level 2 of the Dungeon.
You were not hungry.

You visited 1 branch of the dungeon, and saw 2 of its levels.

You collected 67 gold pieces.

Inventory:

Hand Weapons
 a - a +0 war axe (weapon)
Missiles
 d - 3 throwing nets (quivered)
Armour
 b - a +0 leather armour
 c - a +0 hat (worn)
 m - a cursed +0 ring mail (worn)
 p - a +0 pair of gloves of strength (worn)
Jewellery
 o - a +2 ring of strength (left hand)
Scrolls
 g - a scroll of amnesia {unknown}
 h - a scroll of teleportation {unknown}
 i - 3 scrolls of remove curse {unknown}
 k - a scroll of noise {unknown}
 l - 3 scrolls of identify {unknown}
 r - a scroll of fog {unknown}
Potions
 e - a potion of cancellation {unknown}
 j - 2 potions of brilliance {unknown}
 n - a potion of flight {unknown}
 q - 2 potions of haste {unknown}
Comestibles
 f - a bread ration


   Skills:
 + Level 2.7 Fighting
 + Level 5.1 Axes
 + Level 2.2 Throwing
 + Level 1.2 Armour
 + Level 4.0 Dodging


You had 3 spell levels left.
You didn't know any spells.

Dungeon Overview and Level Annotations

Branches:
Dungeon (2/15)

Altars:
Ru
Uskayaw


Innate Abilities, Weirdness & Mutations

You reflexively headbutt those who attack you in melee.
You have a pair of horns on your head.


Message History

The goblin shouts!
You hear a shout!
The gnoll hits you with a spear.
You hear a shout!
You see here a dagger.
You hit the gnoll but do no damage. The gnoll misses you.
You furiously retaliate!
You headbutt the gnoll, but do no damage.
The gnoll misses you. The gnoll hits you with a spear.
* * * LOW HITPOINT WARNING * * *
You hit the gnoll.
The gnoll is moderately wounded.
You barely miss the goblin. The goblin misses you. The gnoll misses you.
The gnoll hits you from afar with a halberd.
* * * LOW HITPOINT WARNING * * *
You slash the gnoll!
You kill the gnoll!
You closely miss the goblin. The goblin hits you.
* * * LOW HITPOINT WARNING * * *
The gnoll hits you from afar with a halberd!
You die...

# .#.## .#####.....
.#..........
............
#.##.###...###
#.####+#.............
#.g)@...........#####
#..g........#...#(..#
#........._##...#(..#
#.########......#####
#. #.......†.... .
+........._.. .
##.....†...... #.
#........###.#
#.......#........


You could see a gnoll and a goblin.

Vanquished Creatures
  An iguana (D:2)
  2 adders (D:2)
  A gnoll (D:2)
  An ooze (D:2)
  2 leopard geckos
  A ball python (D:2)
  5 bats
  4 goblins
  2 hobgoblins
  4 jackals (D:1)
  2 frilled lizards (D:1)
  4 kobolds
  2 rats
31 creatures vanquished.

Notes
Turn   | Place    | Note
-------+----------+-------------------------------------------
     0 | D:1      | slep the Minotaur Gladiator began the quest for the Orb.
     0 | D:1      | Reached XP level 1. HP: 18/18 MP: 0/0
    82 | D:1      | Reached skill level 4 in Axes
   156 | D:1      | Reached XP level 2. HP: 24/25 MP: 1/1
   610 | D:2      | Reached XP level 3. HP: 22/30 MP: 2/2
   729 | D:2      | Noticed a hand axe
   732 | D:2      | Found a hide-covered altar of Uskayaw.
   733 | D:2      | Noticed a dagger
   744 | D:2      | Found a sacrificial altar of Ru.
   751 | D:2      | Reached skill level 5 in Axes
   751 | D:2      | Reached skill level 1 in Armour
   751 | D:2      | Reached XP level 4. HP: 16/37 MP: 3/3
   769 | D:2      | Slain by a gnoll

Vault maps used:
D:1:      lightli_arrival_chessboard
D:2:      dancing_weapons_uskayaw, overflow_temple_1_default,
          grunt_decor_fettered, hangedman_decor_opposing,
          uniq_crazy_yiuf_cottage

Skill      XL: |  1  2  3 |
---------------+----------+-----
Axes           | 4 5 |  5.1
Armour         | 1 |  1.2
Dodging        | 4 |  4.0
Fighting       | |  2.7
Throwing       | |  2.2

Action                   |  1- 3 |  4- 6 || total
-------------------------+-------+-------++-------
Melee: War axe           |    45 |     4 ||    49
       Headbutt          |     6 |       ||     6
Armor: Leather armour    |     7 |       ||     7
       Ring mail         |     8 |     1 ||     9
Dodge: Dodged            |    36 |     4 ||    40

Table legend:
 A = Spawn XP
 B = Non-spawn XP
 C = Spawn XP percentage of total XP
 D = Spawn monster count
 E = Non-spawn monster count
 F = Spawn count percentage of total count
 G = Total turns spent on level
                    A         B        C        D         E        F      G
               +---------+---------+-------+---------+---------+-------+---------
         Total |       0 |     131 |   0.0 |       0 |      31 |   0.0 |   769
               +---------+---------+-------+---------+---------+-------+---------
           D:1 |       0 |      30 |   0.0 |       0 |      19 |   0.0 |   602
           D:2 |       0 |     101 |   0.0 |       0 |      12 |   0.0 |   167
               +---------+---------+-------+---------+---------+-------+---------
